 Dungeon Crawl Stone Soup version 0.21.1-1-g345015f (webtiles) character file.

71 letownia2 the Conjurer (level 4, -4/24 HPs)
             Began as a Gargoyle Conjurer on Feb 14, 2018.
             Was an Initiate of Vehumet.
             Killed by divine providence
             ... invoked by an orc priest
              (14 damage)
             ... on level 4 of the Dungeon.
             The game lasted 00:05:59 (1009 turns).

letownia2 the Conjurer (Gargoyle Conjurer)          Turns: 1009, Time: 00:06:00

Health: -4/24      AC:  6    Str: 12    XL:     4   Next: 24%
Magic:  8/8        EV: 11    Int: 16    God:    Vehumet [......]
Gold:   75         SH:  0    Dex: 10    Spells: 5/8 levels left

rFire    . . .     SeeInvis .   e - +0 dagger
rCold    . . .     Gourm    .   (no shield)
rNeg     + . .     Faith    .   k - +0 leather armour
rPois    ∞         Spirit   .   (no helmet)
rElec    +         Reflect  .   (no cloak)
rCorr    .         Harm     .   (no gloves)
MR       .....                  (no boots)
Stlth    ++........             (no amulet)
HPRegen  0.08/turn              (no ring)
MPRegen  0.11/turn              (no ring)

@: no status effects
A: negative energy resistance 1, electricity resistance, unbreathing,
petrification resistance, rot immunity, AC +3
a: Renounce Religion


You were on level 4 of the Dungeon.
You worshipped Vehumet.
Vehumet was noncommittal.
You were not hungry.

You visited 1 branch of the dungeon, and saw 4 of its levels.

You collected 75 gold pieces.

Inventory:

Hand Weapons
 e - a +0 dagger (weapon)
Armour
 a - a +0 robe
 d - a +0 ring mail
 k - a +0 leather armour (worn)
 n - a +0 ring mail
 u - a +0 buckler
 w - a +2 ring mail of fire resistance
 x - a cursed +0 robe
Jewellery
 v - an uncursed ring of fire
Wands
 t - a wand of iceblast (6)
 y - a wand of random effects (23)
Scrolls
 h - a scroll of teleportation {unknown}
 i - a scroll of immolation {unknown}
 l - a scroll of random uselessness {unknown}
 o - a scroll of fear {unknown}
 p - a scroll of remove curse {unknown}
 r - 2 scrolls of identify {unknown}
Potions
 f - 5 potions of curing {unknown}
 g - a potion of invisibility {unknown}
 j - a potion of heal wounds {unknown}
 q - a potion of flight {unknown}
 s - a potion of agility {unknown}
 z - a potion of haste {unknown}
Books
 b - a book of Conjurations

   Spells                             Type                      Level
   a - Magic Dart                     Conjuration                  1
   b - Searing Ray                    Conjuration                  2
   c - Dazzling Spray                 Conjuration/Hexes            3
   d - Fulminant Prism                Conjuration/Hexes            4
   e - Force Lance                    Conjuration/Translocation    4
   f - Iskenderun's Mystic Blast      Conjuration                  4
Comestibles
 c - 6 rations
 m - 2 chunks of flesh


   Skills:
 - Level 1.5 Dodging
 - Level 2.1 Stealth
 + Level 2.7 Spellcasting
 + Level 5.7 Conjurations


You had 5 spell levels left.
You knew the following spells:

 Your Spells              Type           Power        Failure   Level  Hunger
a - Magic Dart            Conj           ###.         2%          1    #......
l - Searing Ray           Conj           ###...       3%          2    ##.....


Dungeon Overview and Level Annotations

Branches:
Dungeon (4/15)
 Temple: D:4-7

Altars:
Kikubaaqudgha
Makhleb
Vehumet


Innate Abilities, Weirdness & Mutations

You are resistant to torment.
Your stone body is resilient. (AC +3)
You are immune to poison.
You resist negative energy. (rN+)
You are resistant to electric shocks. (rElec)
You can survive without breathing.
You are immune to petrification.
You are immune to rotting.


Message History

You hit the frilled lizard but do no damage.
The frilled lizard bites you.
You hit the frilled lizard.
You kill the frilled lizard!
Vehumet accepts your kill.
No target in view!
No target in view!
A hound comes into view.
The hound moves out of view.
Found a scroll labeled PIANOCAPED.
An orc, an orc priest and a skeleton come into view.
The orc priest shouts!
You hear a shout!
The orc shouts!
You hear a shout!
The orc priest mumbles some strange prayers to Beogh against you.
Beogh smites you!
Ouch! That really hurt!
You hear a bark!
The orc priest mumbles some strange prayers to Beogh against you.
Beogh smites you!
Ouch! That really hurt!
You die...

### o.# #.# #Z# #o#
#. #.##########
.......#@........#
P..#.##....#####.#
#.........# #.#
.........#.# #.#
♣..?#....##.# #.#####
..#.##.#.##.###.#...#
. . #.#............#
. #...............#
.#.####.###.#..##


You could see an orc priest, an orc and an adder skeleton.

Vanquished Creatures
  3 adders
  A dart slug (D:2)
  3 leopard geckos
  An orc (D:3)
  A ball python (D:2)
  4 bats
  2 giant cockroaches
  3 hobgoblins
  5 kobolds
  A quokka (D:3)
  2 frilled lizards
  6 goblins
  5 rats
37 creatures vanquished.

Notes
Turn   | Place    | Note
-------+----------+-------------------------------------------
     0 | D:1      | letownia2 the Gargoyle Conjurer began the quest for the Orb.
     0 | D:1      | Reached XP level 1. HP: 10/10 MP: 3/3
   301 | D:2      | Reached skill level 5 in Conjurations
   301 | D:2      | Reached XP level 2. HP: 9/15 MP: 0/5
   314 | D:2      | Learned a level 2 spell: Searing Ray
   482 | D:2      | Reached XP level 3. HP: 19/19 MP: 3/6
   610 | D:3      | Found an ancient bone altar of Kikubaaqudgha.
   711 | D:3      | Found a burning altar of Makhleb.
   724 | D:3      | Found a radiant altar of Vehumet.
   733 | D:3      | Became a worshipper of Vehumet
   884 | D:3      | Reached XP level 4. HP: 23/24 MP: 5/7
  1009 | D:4      | Killed from afar by an orc priest

Skill      XL: |  1 |
---------------+----+-----
Conjurations   | 5 |  5.7
Dodging        | |  1.5
Stealth        | |  2.1
Spellcasting   | |  2.7

Action                   |  1- 3 |  4- 6 || total
-------------------------+-------+-------++-------
Melee: Dagger            |    45 |     5 ||    50
 Cast: Magic Dart        |    23 |     1 ||    24
       Searing Ray       |    10 |     2 ||    12
 Stab: Sleeping          |     1 |     1 ||     2
  Eat: Chunk             |     1 |       ||     1
Armor: Leather armour    |    30 |     3 ||    33
       Robe              |     3 |       ||     3
Dodge: Dodged            |    38 |     5 ||    43
